 Dungeon Crawl Stone Soup version 0.24.0-123-gd5b16e6ec5 (webtiles) character file.

Game seed: 4014542875238074459, levelgen mode: deterministic

213 vurker the Gusty (level 5, -6/22 HPs)
             Began as a Felid Air Elementalist on Jan 31, 2020.
             Mangled by an iguana (11 damage)
             ... on level 4 of the Dungeon.
             The game lasted 00:06:15 (4541 turns).

vurker the Gusty (Felid Air Elementalist)           Turns: 4541, Time: 00:06:16

Health: -6/22      AC:  1    Str:  4    XL:     5   Next: 59%
Magic:  4/11       EV: 18    Int: 17    God:
Gold:   121        SH:  0    Dex: 17    Spells: 10/11 levels left
                                        Lives:  0   Deaths: 1

rFire    . . .     SeeInvis +   (weapon unavailable)
rCold    . . .     Gourm    .   (shield unavailable)
rNeg     . . .     Faith    .   (armour unavailable)
rPois    .         Spirit   .   (helmet unavailable)
rElec    .         Reflect  .   (cloak unavailable)
rCorr    +         Harm     .   (gloves unavailable)
MR       +....                  (boots unavailable)
Stlth    +++.......             (no amulet)
HPRegen  0.07/turn              k - ring of resist corrosion
MPRegen  0.12/turn              c - ring of protection from magic

@: quick
A: very small, no armour, no weapons or thrown items, stealth, claws 1, fangs 3,
see invisible, carnivore, speed 1, shaggy fur 1, slow metabolism 1, sharp paws
a: no special abilities


You were on level 4 of the Dungeon.
You were completely stuffed.

You visited 1 branch of the dungeon, and saw 4 of its levels.

You collected 121 gold pieces.

Inventory:

Jewellery
 c - a ring of protection from magic (right paw)
   (You found it on level 1 of the Dungeon)
 k - a ring of resist corrosion (left paw)
   (You found it on level 2 of the Dungeon)
Scrolls
 d - a scroll of fog {unknown}
 i - 2 scrolls of remove curse
 j - 2 scrolls of teleportation {unknown}
 l - 2 scrolls of enchant armour {unknown}
Potions
 a - a potion of mutation {unknown}
 b - a potion of flight {unknown}
 f - a potion of curing {unknown}
 g - a potion of lignification {unknown}
 h - a potion of resistance {unknown}
 m - 2 potions of brilliance {unknown}
 o - a potion of haste {unknown}
Comestibles
 e - 4 rations
 n - 3 chunks of flesh


   Skills:
 + Level 2.0 Fighting
 - Level 2.6 Dodging
 - Level 2.6 Stealth
 * Level 3.5 Spellcasting
 * Level 2.9 Conjurations
 * Level 4.0 Air Magic


You had 10 spell levels left.
You knew the following spells:

 Your Spells              Type           Power        Failure   Level  Hunger
a - Shock                 Conj/Air       ##..         4%          1    None

Your spell library contained the following spells:

 Spells                   Type           Power        Failure   Level  Hunger
 Swiftness                Chrm/Air       #.......     11%         2    ##.....
 Static Discharge         Conj/Air       ##......     12%         3    ###....
 Airstrike                Air            ###.......   30%         4    ####...
 Lightning Bolt           Conj/Air       ##........   73%         5    ######.


Dungeon Overview and Level Annotations

Branches:
Dungeon (4/15)
 Temple: D:4-7

Altars:
Kikubaaqudgha

Shops:
D:4 [


Innate Abilities, Weirdness & Mutations

You cannot wear armour.
You are incapable of wielding weapons or throwing items.
Your paws allow you to move quietly. (Stealth)
You have sharp claws.
You have razor-sharp teeth.
You have supernaturally acute eyesight. (SInv)
You are carnivorous and can eat meat at any time.
You cover ground quickly.
You are covered in fur. (AC +1)
You have a slow metabolism.
Your sharp claws are effective at attacking unaware monsters.


Message History

Found Taputwit's Antique Armour Shoppe.
Found 11 gold pieces.
You can't see any susceptible monsters within range! (Use Z to cast anyway.)
You now have 121 gold pieces (gained 11).
There is an entrance to Taputwit's Antique Armour Shoppe here.
An iguana and a worker ant come into view.
The worker ant twitches its antennae in your direction.
The zap hits the worker ant.
The zap misses the worker ant.
The zap hits the worker ant but does no damage.
The zap hits the worker ant.
The worker ant misses you.
The zap hits the worker ant. x2; The worker ant completely misses you.
The zap misses the worker ant.
The zap hits the worker ant.
The worker ant barely misses you. x2
The zap hits the worker ant. x2
You kill the worker ant!
Your Fighting skill increases to level 2!
Eating one of 3 chunks of flesh.
You eat one of the 3 chunks of flesh.
This raw flesh tastes great.
You butcher the worker ant corpse.
n - 5 chunks of flesh (gained 3)
You open the door.
Some of the chunks of flesh in your inventory have rotted away.
There is an open door here.
You open the door.
There is an open door here.
Found a stone staircase leading up.
Found a stone staircase leading down.
The iguana is too close now for your liking.
Aim: an iguana (resting)
The zap hits the iguana but does no damage.
The iguana hisses angrily.
Aim: an iguana The zap hits the iguana.
Aim: an iguana (lightly wounded)
The zap hits the iguana.
Aim: an iguana (moderately wounded)
The zap hits the iguana.
Aim: an iguana (heavily wounded)
The zap hits the iguana.
Aim: an iguana (severely wounded)
The zap hits the iguana.
The iguana bites you!
Ouch! That really hurt!
* * * LOW HITPOINT WARNING * * *
Aim: an iguana (severely wounded)
The zap misses the iguana.
The iguana bites you.
* * * LOW HITPOINT WARNING * * *
Aim: an iguana (severely wounded)
The zap hits the iguana.
The iguana bites you!
Ouch! That really hurt!
You die...

#.#.##.#...........########
..#.##.............'.......
###.###............########
....# #.#####......#
....###..# #......#####.##
.....###.#####............#
.........................>.
.....###..####.........#..#
........#.## ###@##........
....PPP.#..# #l##.##.###
....P∩P.##.# ...... <..
....PP..##.# ........ #.#
........##.###........ .#
.###.#####..##......... .#
#.# ##.##.......# .#
#.######..#.......# .#
#.....a..........


You could see an iguana.

Vanquished Creatures
  2 orc priests
  2 orc wizards (D:4)
  A worker ant (D:4)
  4 gnolls (D:2)
  2 adders (D:2)
  An ooze (D:1)
  A worm (D:2)
  3 leopard geckos (D:3)
  7 orcs
  3 ball pythons
  5 giant cockroaches
  9 goblins
  7 hobgoblins
  6 jackals
  2 quokkas
  3 bats
  4 frilled lizards
  4 kobolds
  5 rats
71 creatures vanquished.

Notes
Turn   | Place    | Note
-------+----------+-------------------------------------------
     0 | D:1      | vurker the Felid Air Elementalist began the quest for the
                  | Orb.
     0 | D:1      | Reached XP level 1. HP: 7/7 MP: 4/4
    21 | D:1      | Reached skill level 1 in Conjurations
   377 | D:1      | Reached XP level 2. HP: 11/11 MP: 0/6
   544 | D:1      | Reached skill level 3 in Air Magic
  1181 | D:2      | Reached XP level 3. HP: 15/15 MP: 5/7
  1328 | D:2      | Reached skill level 1 in Fighting
  1328 | D:2      | Reached XP level 4. HP: 19/19 MP: 1/9
  2865 | D:3      | Found an ancient bone altar of Kikubaaqudgha.
  3343 | D:3      | Slain by an orc priest
  3344 | D:3      | Reached XP level 3. HP: -1/15 MP: 1/8
  3429 | D:3      | Reached XP level 4. HP: 7/19 MP: 0/9
  4239 | D:4      | Reached XP level 5. HP: 20/22 MP: 2/11
  4246 | D:4      | Reached skill level 4 in Air Magic
  4378 | D:4      | Found Taputwit's Antique Armour Shoppe.
  4541 | D:4      | Mangled by an iguana

Levels and vault maps discovered:
D:1:      shiori_shiawase, layout_rooms, minmay_misc_feat_plants
D:2:      layout_loops_ring
D:3:      layout_loops_ring, old_standard_altar
D:4:      layout_basic, overflow_temple_1_default, serial_shops,
          nicolae_shop_overgrown_old_shop, uniq_grinder, uniq_eustachio

Skill      XL: |  1  2  3  4  5 |
---------------+----------------+-----
Conjurations   | 1 2 |  2.9
Air Magic      | 3 4 |  4.0
Fighting       | 1 2 |  2.0
Spellcasting   | 3 |  3.5
Dodging        | |  2.6
Stealth        | |  2.6

Action                   |  1- 3 |  4- 6 || total
-------------------------+-------+-------++-------
Melee: Unarmed           |    41 |     8 ||    49
       Bite              |     1 |       ||     1
 Cast: Shock             |    57 |   131 ||   188
  Use: Scroll            |     2 |     3 ||     5
  Eat: Chunk             |    15 |     5 ||    20
Armor: Skin              |     3 |       ||     3
Dodge: Dodged            |    40 |    34 ||    74
